 Dungeon Crawl Stone Soup version 0.30-a0-779-g7971cf19c3 (webtiles) character file.

Game seed: 7901867148417120118

31 Ijustatesigmund the Covered (level 3, -4/22 HPs)
             Began as a Gargoyle Artificer on Feb 17, 2023.
             Slain by a worm (6 damage)
             ... on level 2 of the Dungeon.
             The game lasted 00:01:30 (1097 turns).

Ijustatesigmund the Covered (Gargoyle Artificer)    Turns: 1097, Time: 00:01:30

Health: -4/22      AC:  6    Str: 15    XL:     3   Next: 22%
Magic:  3/3        EV: 11    Int: 11    God:
Gold:   8          SH:  0    Dex: 12    Spells: 2/2 levels left

rFire   . . .      SeeInvis .    a - +0 club
rCold   . . .      Faith    .    (no shield)
rNeg    + . .      Spirit   .    b - +0 leather armour
rPois   ∞          Reflect  .    (no helmet)
rElec   +          Harm     .    (no cloak)
rCorr   .          Rampage  .    (no gloves)
Will    .....                    (no boots)
Stlth   +                        (no amulet)
HPRegen 0.23/turn                (no ring)
MPRegen 0.08/turn                (no ring)

@: no status effects
A: sickness immunity, AC +3, negative energy resistance 1, electricity
resistance, torment resistance 1, petrification resistance
a: no special abilities


You were on level 2 of the Dungeon.
You visited 1 branch of the dungeon, and saw 2 of its levels.

You collected 8 gold pieces.

Inventory:

Hand Weapons
 a - a +0 club (weapon)
Armour
 b - a +0 leather armour (worn)
Jewellery
 f - an amulet of magic regeneration
 j - a ring of protection from fire
Wands
 c - a wand of flame (11) (quivered)
 d - a wand of charming (14)
 e - a wand of iceblast (5)
Scrolls
 g - a scroll of amnesia {unknown}
 k - a scroll of identify {unknown}
 l - a scroll of teleportation {unknown}
Potions
 h - a potion of heal wounds {unknown}
 i - a potion of ambrosia {unknown}
 m - a potion of berserk rage {unknown}


   Skills:
 + Level 2.4 Fighting
 + Level 3.2 Armour
 - Level 0.7 Dodging
 - Level 1.1 Stealth
 - Level 2.6 Evocations


You had 2 spell levels left.
You didn't know any spells.
Your spell library was empty.

Dungeon Overview and Level Annotations

Branches:
Dungeon (2/15)

Altars:


Innate Abilities, Weirdness & Mutations

You are immune to sickness and miasma.
Your stone body is resilient. (AC +3)
You are immune to poison.
You resist negative energy. (rN+)
You are resistant to electric shocks. (rElec)
You are resistant to unholy torment.
You are immune to petrification.


Message History

The worm is heavily wounded.
The worm barely misses you.
You hit the worm but do no damage.
The worm is moderately wounded.
The worm barely misses you.
You hit the worm.
The worm is heavily wounded.
You hit the worm.
The worm is severely wounded.
The worm barely misses you.
You barely miss the worm.
The worm is heavily wounded.
The worm bites you.
You hit the worm.
The worm is severely wounded.
The worm closely misses you.
You hit the worm but do no damage.
The worm is heavily wounded.
You barely miss the worm.
The worm is heavily wounded.
The worm barely misses you.
You hit the worm.
The worm is severely wounded.
The worm bites you!
* * * LOW HITPOINT WARNING * * *
You hit the worm but do no damage.
The worm is severely wounded.
The worm barely misses you.
You hit the worm but do no damage.
The worm is severely wounded.
The worm misses you.
You barely miss the worm.
The worm is heavily wounded.
You hit the worm.
The worm is severely wounded.
The worm barely misses you.
You hit the worm.
The worm is severely wounded.
The worm bites you.
You die...

####.# # ### #.#
#. ^.# #.# #.##.#
#.# #...># ###.#
####.# #...# #.#
###.### #.# #....#
#w# ####.# #@# #.#
#.# #.# #.#
######)# #.#
....##.# #.#
###.##.#########.#
#.##...........#
#.##############
###.#


You could see a worm.

Vanquished Creatures
  An adder (D:2)
  2 ball pythons (D:1)
  2 endoplasms (D:1)
  A giant cockroach (D:1)
  A goblin (D:1)
  3 hobgoblins (D:1)
  5 kobolds
  2 bats (D:1)
  A frilled lizard (D:1)
  A rat (D:2)
19 creatures vanquished.

Vanquished Creatures (others)
  A kobold (D:2)
1 creature vanquished.

Grand Total: 20 creatures vanquished

Notes
Turn   | Place    | Note
-------+----------+-------------------------------------------
     0 | D:1      | Ijustatesigmund the Gargoyle Artificer began the quest for
                  | the Orb.
     0 | D:1      | Reached XP level 1. HP: 12/12 MP: 1/1
   268 | D:1      | Reached XP level 2. HP: 17/17 MP: 2/2
   817 | D:1      | Found a faded altar of an unknown god.
   965 | D:2      | Reached skill level 3 in Armour
   977 | D:2      | Reached XP level 3. HP: 21/22 MP: 3/3
  1092 | D:2      | HP: 1/22 [worm (8)]
  1097 | D:2      | Slain by a worm

Illustrated notes

Levels and vault maps discovered:
D:1:      tekkud_arrival_beachfront_property, layout_loops_cross,
          shapermc_ecumenical_altar_mp_vishouse, chequers_serial_rivers_room_b
D:2:      cheibrodos_greedy_goblins, layout_basic

Skill      XL: |  1  2 |
---------------+-------+-----
Fighting       | 2 |  2.4
Armour         | 3 |  3.2
Dodging        | |  0.7
Stealth        | |  1.1
Evocations     | |  2.6

Action                     || total
---------------------------++-------
  Melee: Club              ||   109
         Punch             ||     1
  Evoke: Wand              ||     5
 Armour: Leather armour    ||    55
  Dodge: Dodged            ||    86

Table legend: (Time is in decaauts)
 A = Elapsed time spent in this place.
 B = Non-inter-level travel time spent in this place.
 C = Inter-level travel time spent in this place.
 D = Time resting spent in this place.
 E = Time spent auto-exploring this place.
 F = Levels seen in this place.
 G = Mean time per level.
                   A        B        C        D        E       F      G
               +--------+--------+--------+--------+--------+-----+--------+
         Total |   1133 |   1127 |      6 |    137 |    761 |   2 |  566.5 |
       Dungeon |   1133 |   1127 |      6 |    137 |    761 |   2 |  566.5 |
               +--------+--------+--------+--------+--------+-----+--------+

Top non-repeatable levels by time:
     D:1: 959 daAuts
     D:2: 174 daAuts
